 Dungeon Crawl Stone Soup version 0.29.1-2-gbd0b4ee654 (webtiles) character file.

Game seed: 3818627761346076951

961 croobank the Sneak (level 7, 0/84 HPs)
             Began as a Demonspawn Delver on Nov 3, 2022.
             Was an Initiate of Gozag.
             Succumbed to a water moccasin's poison
             ... on level 6 of the Dungeon.
             The game lasted 00:19:35 (6855 turns).

croobank the Sneak (Demonspawn Delver)              Turns: 6855, Time: 00:19:36

Health: 0/84       AC: 23    Str: 19    XL:     7   Next: 92%
Magic:  11/11      EV:  2    Int: 13    God:    Gozag
Gold:   343        SH:  0    Dex: 14    Spells: 4/12 levels left

rFire   + . .      SeeInvis .   q - +4 short sword (speed)
rCold   + + .      Faith    .   (no shield)
rNeg    . . .      Spirit   .   (body armour currently unavailable)
rPois   +          Reflect  .   (helmet currently unavailable)
rElec   +          Harm     .   (cloak currently unavailable)
rCorr   +          Rampage  .   (gloves currently unavailable)
Will    .....      NoTele   +   (boots currently unavailable)
Stlth   +++.......              (no amulet)
HPRegen 0.24/turn               w - ring of protection from cold
MPRegen 0.12/turn               D - +6 ring of strength

@: lethally poisoned (0 -> -7), tree-form, resistant, invisible
A: stationary, stasis, torment immunity, boosted hp, (hooves 2), (icy blue
scales 2)
a: Renounce Religion, Potion Petition, Call Merchant, Bribe Branch


You were on level 6 of the Dungeon.
You worshipped Gozag.
Gozag was aware of your devotion.
You were a tree.
You visited 2 branches of the dungeon, and saw 8 of its levels.

You collected 552 gold pieces.
You spent 110 gold pieces at shops.
You paid 99 gold pieces to Gozag.

Inventory:

Hand Weapons
 f - a +0 war axe of freezing
 q - a +4 short sword of speed (weapon)
 u - a +0 morningstar
 A - a +0 bardiche
Missiles
 j - 10 poisoned darts (quivered)
 C - a throwing net
Armour
 b - a +1 leather armour (melded)
 d - a +2 helmet
 n - a +1 cloak (melded)
 x - a +2 hat of fire resistance (melded)
Magical Staves
 m - a staff of air
Jewellery
 w - a ring of protection from cold (left branch)
 D - a +6 ring of strength (right branch)
Wands
 g - a wand of digging (3)
 z - a wand of charming (11)
Scrolls
 a - a scroll of noise {unknown}
 c - a scroll of fog
 e - a scroll of acquirement {unknown}
 k - a scroll of magic mapping
 t - 3 scrolls of fear
 v - a scroll of butterflies
 y - 2 scrolls of teleportation
Potions
 i - 2 potions of magic
 o - 5 potions of brilliance
 r - a potion of degeneration
 B - 2 potions of flight


   Skills:
 + Level 5.0 Fighting
 + Level 4.0 Axes
 + Level 4.0 Dodging
 + Level 6.1 Stealth
 + Level 3.1 Spellcasting
 + Level 1.0 Translocations


You had 4 spell levels left.
You knew the following spells:

 Your Spells              Type           Power      Damage    Failure   Level
a - Apportation           Tloc           8%         N/A       14%         1
b - Blink                 Tloc           8%         N/A       22%         2
c - Manifold Assault      Tloc           4%         N/A       99%         5

Your spell library contained the following spells:

 Spells                   Type           Power      Damage    Failure   Level
 Necrotise                Necr           8%         1d4       22%         1
 Summon Small Mammal      Summ           8%         N/A       22%         1
 Lesser Beckoning         Tloc           4%         N/A       41%         3
 Dispel Undead            Necr           2%         3d7       92%         4
 Summon Ice Beast         Ice/Summ       2%         N/A       92%         4
 Summon Mana Viper        Hex/Summ       2%         N/A       99%         5
 Death Channel            Necr           1%         N/A       100%        6
 Monstrous Menagerie      Summ           1%         N/A       100%        7
 Corpse Rot               Necr/Pois/Air  Unusable   N/A       N/A         4

Dungeon Overview and Level Annotations

Branches:
Dungeon (7/15)             Temple (1/1) D:4

Altars:
Ashenzari
Cheibriados
Dithmenos
Fedhas
Gozag
Hepliaklqana
Okawaru
Ru
Uskayaw
Vehumet
Wu Jian
Yredelemnul

Shops:
D:4 *


Innate Abilities, Weirdness & Mutations

You are a tree.
Your roots penetrate the ground, keeping you stationary.
You cannot be teleported.
You are immune to unholy pain and torment.
Your maximum health is greatly increased.
Your equipment is partially melded.
((You have hoof-like feet.))
((You are mostly covered in icy blue scales. (AC +3)))


Message History

The water moccasin closely misses you.
You feel very sick.
The water moccasin bites you but does no damage. x2
You feel sick. The water moccasin closely misses you.
You feel sick. The water moccasin bites you.
* * * LOW HITPOINT WARNING * * *
There is a stone staircase leading up here.
You feel better.
You feel yourself speed up. The water moccasin bites you.
* * * LOW HITPOINT WARNING * * *
The water moccasin bites you but does no damage.
You fade into invisibility!
The water moccasin bites you but does no damage.
The water moccasin bites you.
* * * LOW HITPOINT WARNING * * *
You are lethally poisoned!
The water moccasin poisons you!
The water moccasin bites you but does no damage.
You climb upwards.
* * * LOW HITPOINT WARNING * * *
You feel very sick.
There is a stone staircase leading down here.
Okay, then.
Okay, then.
Okay, then.
It was a potion of resistance.
You feel protected.
* * * LOW HITPOINT WARNING * * *
You feel sick.
Okay, then.
Okay, then.
Okay, then.
Really quaff the potion of lignification?
You turn into a tree.
Your +1 cloak melds into your body.
Your +2 hat of fire resistance melds into your body.
Your +1 leather armour melds into your body.
You feel less resistant to fire.
Your roots penetrate the ground.
You die...
Your body crumbles into a pile of gold.

........<...........###..........
............>....................
....................#####....##.#
#...................###..........
##.....#............#...####.....
###..###...........#.### #.....
##.###.............### ##....
#...............#...# #....
##..###.....♣.......#####....
##...##.......S..............
#.)#..#.......#.....####.....
#.###...>....................
#.###......####.......###....
#.............##............#
######........###...........#
####...........#.......#
#.....##.####.......#


You could see a water moccasin (unable to see you).

Vanquished Creatures
  A water moccasin (D:6)
  An ogre (D:5)
  A centaur (D:6)
  Blork the orc (D:5)
  A howler monkey (D:4)
  A hound (D:5)
  A jelly (D:5)
  3 orc priests
  An iron imp (D:3)
  2 iguanas
  Natasha (thrice) (D:2)
  2 orc wizards
  Robin (D:1)
  6 adders
  An ufetubus (D:6)
  A worm (D:2)
  3 dart slugs
  22 orcs
  3 bats
  2 endoplasms
  2 giant cockroaches
  14 goblins
  15 hobgoblins
  6 jackals
  4 quokkas
  10 ball pythons
  4 frilled lizards
  8 kobolds
  4 rats (D:1)
124 creatures vanquished.

Vanquished Creatures (collateral kills)
  A hound (D:6)
1 creature vanquished.

Vanquished Creatures (others)
  A jelly (D:6)
1 creature vanquished.

Grand Total: 126 creatures vanquished

Notes
Turn   | Place    | Note
-------+----------+-------------------------------------------
     0 | D:5      | croobank the Demonspawn Delver began the quest for the Orb.
     0 | D:5      | Reached XP level 1. HP: 18/18 MP: 1/1
   195 | D:5      | Noticed an orc priest
   234 | D:5      | Found a sacrificial altar of Ru.
   601 | D:4      | Gained mutation: You have large cloven feet. [demonic
                  | ancestry]
   601 | D:4      | Reached XP level 2. HP: 22/24 MP: 2/2
  1547 | D:3      | Reached XP level 3. HP: 29/29 MP: 3/3
  1669 | D:2      | Noticed Natasha
  1956 | D:1      | Found a faded altar of an unknown god.
  2815 | D:2      | Noticed Robin
  2852 | D:1      | Killed Robin
  2853 | D:1      | Gained mutation: You have hoof-like feet. [demonic
                  | ancestry]
  2853 | D:1      | Reached XP level 4. HP: 20/35 MP: 4/4
  3140 | D:1      | Reached skill level 5 in Stealth
  3230 | D:2      | Killed Natasha
  3316 | D:2      | Noticed Natasha
  3337 | D:2      | Killed Natasha
  3338 | D:2      | Reached skill level 1 in Spellcasting
  3338 | D:2      | Gained mutation: You are partially covered in icy blue
                  | scales. (AC +2) [demonic ancestry]
  3338 | D:2      | Reached XP level 5. HP: 42/42 MP: 6/6
  3415 | D:2      | Noticed Natasha
  3439 | D:2      | Killed Natasha
  3707 | D:3      | HP: 1/42 [orc priest/+0 war axe (5)]
  3975 | D:3      | Found a radiant altar of Vehumet.
  4231 | D:3      | Reached XP level 6. HP: 48/48 MP: 8/8
  4463 | D:3      | Found a snail-covered altar of Cheibriados.
  4901 | D:4      | Found a staircase to the Ecumenical Temple.
  4907 | Temple   | Entered the Ecumenical Temple
  4935 | Temple   | Became a worshipper of Gozag Ym Sagoz the Greedy
  5336 | D:4      | Found Wearux's Fire Supplies.
  5351 | D:4      | Bought a +0 hat of fire resistance for 110 gold pieces
  5812 | D:5      | Noticed Blork the orc
  5829 | D:5      | Gained mutation: You are mostly covered in icy blue scales.
                  | (AC +3) [demonic ancestry]
  5829 | D:5      | Reached XP level 7. HP: 55/55 MP: 10/10
  6002 | D:5      | Killed Blork the orc
  6093 | D:5      | Learned a level 1 spell: Apportation
  6096 | D:5      | Learned a level 2 spell: Blink
  6102 | D:5      | Learned a level 5 spell: Manifold Assault
  6288 | D:6      | Reached skill level 5 in Fighting
  6288 | D:6      | Reached skill level 6 in Stealth
  6744 | D:6      | Reached skill level 1 in Translocations
  6854 | D:6      | HP: 1/56 [poisoned by a water moccasin]
  6855 | D:6      | Succumbed to a water moccasin's poison

Illustrated notes

Levels and vault maps discovered:
D:1:      mainiacjoe_arrival_reflecting_pool, layout_loops_ring,
          hellmonk_ecumenical_altar_arch_garden, amcnicky_mini_corridor_feature
D:2:      layout_rooms, uniq_robin, uniq_natasha
D:3:      layout_loops_corners, nicolae_overflow_crystal_walls, slow_altar_1,
          st_stairs_12
D:4:      minmay_general_purpose_star, layout_loops_ring,
          minmay_temple_entry_enclosed_plants, serial_glass, glass_columns_b,
          glass_columns_b, nicolae_shop_fire_sale [nicolae_sub_dead_trees]
D:5:      minmay_evil_eye, layout_basic, nicolae_ru_great_annihilating_truth,
          uniq_blork_the_orc
D:6:      layout_rooms
D:7:      lemuel_ice_spiral_2, layout_basic, uniq_pikel
Temple:   nicolae_temple_bog_church

Skill      XL: |  1  2  3  4  5  6  7 |
---------------+----------------------+-----
Axes           | 2 3 4 |  4.0
Dodging        | 2 3 4 |  4.0
Stealth        | 5 6 |  6.1
Spellcasting   | 1 2 3 |  3.1
Fighting       | 4 5 |  5.0
Translocations | 1 |  1.0

Action                   |  1- 3 |  4- 6 |  7- 9 || total
-------------------------+-------+-------+-------++-------
Melee: Hand axe          |   104 |       |       ||   104
       Kick              |    15 |    53 |    15 ||    83
       Short sword       |    31 |   204 |    48 ||   283
       Punch             |       |     1 |     1 ||     2
       War axe           |       |     5 |       ||     5
Throw: Dart              |       |     3 |       ||     3
Evoke: Wand              |       |     2 |     4 ||     6
  Use: Scroll            |     6 |     1 |     9 ||    16
       Potion            |       |     3 |     4 ||     7
 Stab: Sleeping          |    12 |     9 |     4 ||    25
       Paralysed         |     2 |       |       ||     2
       Invisible         |     1 |       |       ||     1
       Distracted        |       |     1 |       ||     1
Armor: Leather armour    |    34 |    52 |    21 ||   107
Dodge: Dodged            |   112 |    75 |    34 ||   221
